 Dungeon Crawl Stone Soup version 0.20-a0-77-g476458c (webtiles) character file.

28 KristoblXynda the Charmwright (level 2, 0/24 HPs)
             Began as a Draconian Skald on Nov 19, 2016.
             Was an Initiate of Cheibriados.
             Slain by a goblin
             ... wielding a +0 club
             ... led by Robin
              (9 damage)
             ... on level 2 of the Dungeon.
             The game lasted 00:01:26 (1008 turns).

KristoblXynda the Charmwright (Draconian Skald)     Turns: 1008, Time: 00:01:27

Health: 0/24       AC:  4    Str: 15    XL:     2   Next: 96%
Magic:  5/5        EV: 12    Int: 13    God:    Cheibriados [......]
Gold:   104        SH:  0    Dex: 11    Spells: 1 memorised, 4 levels left

rFire  . . .     SeeInvis .     a - +0 hand axe
rCold  . . .     Gourm    .     (armour unavailable)
rNeg   . . .     Faith    .     (no shield)
rPois  .         Spirit   .     (helmet restricted)
rElec  .         Reflect  .     (no cloak)
rCorr  .         Harm     .     (no gloves)
MR     .....                    (no boots)
Stlth  +.........               (no amulet)
                                (no ring)
                                (no ring)

@: very slow
A: unfitting armour, cold-blooded, AC +4
a: Bend Time, Renounce Religion


You were on level 2 of the Dungeon.
You worshipped Cheibriados.
Cheibriados was noncommittal.
You were not hungry.

You visited 1 branch of the dungeon, and saw 2 of its levels.

You collected 104 gold pieces.

Inventory:

Hand Weapons
 a - a +0 hand axe (weapon)
Armour
 h - a +0 buckler
Scrolls
 f - a scroll of remove curse {unknown}
 g - a scroll of teleportation {unknown}
Books
 b - a book of Battle

   Spells                             Type                      Level
   a - Infusion                       Charms                       1
   b - Shroud of Golubria             Charms/Translocation         2
   c - Song of Slaying                Charms                       2
   d - Spectral Weapon                Hexes/Charms                 3
   e - Regeneration                   Charms/Necromancy            3
Comestibles
 c - 2 bread rations
 d - 3 meat rations
 i - a chunk of flesh


   Skills:
 - Level 2.1 Fighting
 + Level 2.6 Axes
 + Level 1.8 Dodging
 - Level 2.0 Spellcasting
 + Level 3.1 Charms


You had 4 spell levels left.
You knew the following spells:

 Your Spells              Type           Power        Failure   Level  Hunger
a - Infusion              Chrm           #...         10%         1    ##.....


Dungeon Overview and Level Annotations

Branches:
Dungeon (2/15)

Altars:
Cheibriados

Annotations:
D:2 Robin


Innate Abilities, Weirdness & Mutations

Your plain brown scales are hard. (AC +4)
You cannot fit into any form of body armour.
You are cold-blooded and may be slowed by cold attacks.


Message History

You kill the goblin!
Cheibriados appreciates the change of pace.
You hit the hobgoblin. You hit the goblin but do no damage.
The hobgoblin hits you. Robin throws the goblin at you! The goblin misses you.
The goblin hits you.
It was a potion of curing.
You feel better. The hobgoblin hits you.
Robin roars a battlecry!
The goblins go into a battle-frenzy!
The goblin hits you but does no damage.
The goblin barely misses you. 2 goblins come into view.
Unknown command.
It was a potion of heal wounds.
You feel much better.
The goblin shouts!
The hobgoblin hits you. The goblin barely misses you. x2
Unknown command.
You completely miss the goblin.
The goblin shouts!
You hit the goblin. You hit the hobgoblin but do no damage.
The hobgoblin hits you! The goblin hits you. The goblin hits you with a club!
You die...

#.... #... .# ...
... ... .... #.#
..... #.#
.....g######.##
#gg@g.##..#
.gg(g.g##...#.#
..####g..##...###
###. #.....#
...#...#.#
#..<....#.##
##.........#
###....#..##
#.#.##...##


You could see Robin, 2 hobgoblins and 6 goblins.

Vanquished Creatures
  An adder (D:2)
  An ooze (D:1)
  A dart slug (D:1)
  3 goblins
  3 kobolds (D:1)
  2 bats (D:1)
  3 rats (D:1)
14 creatures vanquished.

Notes
Turn   | Place    | Note
-------+----------+-------------------------------------------
     0 | D:1      | KristoblXynda the Draconian Skald began the quest for the Orb.
     0 | D:1      | Reached XP level 1. HP: 17/17 MP: 3/3
   326 | D:1      | Found a snail-covered altar of Cheibriados.
   382 | D:1      | Reached XP level 2. HP: 21/24 MP: 5/5
   392 | D:1      | Became a worshipper of Cheibriados the Contemplative
   448 | D:1      | Reached skill level 3 in Charms
  1003 | D:2      | Noticed Robin
  1008 | D:2      | Slain by a goblin

Vault maps used:
D:1:      minmay_arrival_nine_rooms, serial_park_tiny_2, hangedman_glass_teeth,
          amethyst_killhole, cheibriados_altar_1
D:2:      first_bread, supply_closet_lemuel, nemelex_spade_bored_becter,
          uniq_robin, uniq_crazy_yiuf_cottage

Skill      XL: |  1  2 |
---------------+-------+-----
Charms         | 3 |  3.1
Fighting       | |  2.1
Axes           | |  2.6
Dodging        | |  1.8
Spellcasting   | |  2.0

Action                   || total
-------------------------++-------
Melee: Hand axe          ||    51
       Tailslap          ||     3
  Use: Potion            ||     2
  Eat: Chunk             ||     1
Armor: Skin              ||    14
Dodge: Dodged            ||    35
